 Dungeon Crawl Stone Soup version 0.31-a0-656-gb4d89c20fa (webtiles) character file.

Game seed: 13667847529744307244

2470 cforsyth the Prestidigitator (level 9, 0/68 HPs)
             Began as a Gnoll Artificer on Aug 30, 2023.
             Slain by Joseph
             ... wielding a +0 spectral quarterstaff
              (2 damage)
             ... on level 7 of the Dungeon.
             The game lasted 00:08:36 (5029 turns).

cforsyth the Prestidigitator (Gnoll Artificer)      Turns: 5029, Time: 00:08:36

Health: 0/68       AC: 12    Str: 13    XL:     9   Next: 51%
Magic:  15/15      EV:  5    Int: 14    God:
Gold:   337        SH:  0    Dex: 12    Spells: 16/16 levels left

rFire   + . .        D - +1 falchion (venom)
rCold   + . .        (no shield)
rNeg    . . .        E - +0 plate armour
rPois   +            (no helmet)
rElec   +            (no cloak)
rCorr   +            (no gloves)
SInv    .            (no boots)
Will    .....        i - amulet of regeneration Stlth
                     r - ring of poison resistance
HPRegen 1.11/turn    (no ring)
MPRegen 0.14/turn

%: no passive effects
@: resistant
A: fangs 1, strong nose, distributed training
a: no special abilities


You were on level 7 of the Dungeon.
You visited 1 branch of the dungeon, and saw 7 of its levels.

You collected 337 gold pieces.

Inventory:

Hand Weapons
 h - a +0 dagger of venom
 y - a +1 whip of venom
 D - a +1 falchion of venom (weapon)
Missiles
 v - a throwing net
 w - 11 curare-tipped darts
Armour
 E - a +0 plate armour (worn)
Jewellery
 i - an amulet of regeneration (around neck)
 p - an amulet of magic regeneration
 r - a ring of poison resistance (left hand)
 s - a ring of willpower
Wands
 d - a wand of charming (38)
Scrolls
 a - a scroll of fog {unknown}
 b - 2 scrolls of torment {unknown}
 c - 2 scrolls of enchant weapon {unknown}
 j - a scroll of immolation {unknown}
 k - 2 scrolls of enchant armour {unknown}
 l - 5 scrolls of teleportation {unknown}
 o - 7 scrolls of identify {unknown}
 t - 4 scrolls of revelation {unknown}
 u - 2 scrolls of poison {unknown}
 x - 2 scrolls of noise {unknown}
 A - a scroll of butterflies {unknown}
 B - a scroll of vulnerability {unknown}
Potions
 f - 2 potions of attraction
 g - a potion of ambrosia {unknown}
 q - a potion of lignification
 C - a potion of brilliance {unknown}


   Skills:
 + Level 5.2 Fighting
 + Level 4.4 Short Blades
 + Level 4.4 Long Blades
 + Level 4.4 Axes
 + Level 4.4 Maces & Flails
 + Level 4.4 Polearms
 + Level 4.4 Staves
 + Level 4.4 Ranged Weapons
 + Level 4.4 Throwing
 + Level 6.4 Armour
 + Level 5.2 Dodging
 + Level 5.0 Stealth
 + Level 4.4 Shields
 + Level 4.4 Unarmed Combat
 + Level 4.4 Spellcasting
 + Level 3.6 Conjurations
 + Level 3.6 Hexes
 + Level 3.6 Summonings
 + Level 3.6 Necromancy
 + Level 3.6 Translocations
 + Level 3.6 Transmutations
 + Level 3.6 Fire Magic
 + Level 3.6 Ice Magic
 + Level 3.6 Air Magic
 + Level 3.6 Earth Magic
 + Level 3.6 Poison Magic
 + Level 4.8 Invocations
 + Level 8.0 Evocations
 + Level 4.0 Shapeshifting


You had 16 spell levels left.
You didn't know any spells.
Your spell library contained the following spells:

 Spells                   Type           Power      Damage    Failure   Level
 Magic Dart               Conj           52%        1d5       98%         1
 Lesser Beckoning         Tloc           26%        N/A       99%         2
 Poisonous Vapours        Pois/Air       26%        N/A       99%         2
 Searing Ray              Conj           26%        2d5       99%         2
 Dazzling Flash           Conj/Hex       26%        N/A       100%        3
 Gell's Gravitas          Tloc           13%        N/A       100%        3
 Mephitic Cloud           Conj/Pois/Air  13%        N/A       100%        3
 Teleport Other           Tloc           13%        N/A       100%        3
 Fulminant Prism          Conj/Hex       6%         3d7       100%        4
 Agony                    Necr           13%        N/A       100%        5
 Freezing Cloud           Conj/Ice/Air   6%         6-21      100%        5
 Silence                  Hex/Air        6%         N/A       100%        5


Dungeon Overview and Level Annotations

Branches:
Dungeon (7/15)
 Temple: D:4-7

Altars:
Elyvilon
Kikubaaqudgha
Vehumet

Shops:
D:6 *   D:7 [

Annotations:
D:3 1 runed translucent door, Crazy Yiuf
D:6 exclusion: statue
D:7 Joseph


Innate Abilities, Weirdness & Mutations

You have very sharp teeth.
Your uncanny sense of smell can sniff out nearby items.
Your experience applies equally to all skills.


Message History

You swing at nothing.
You hit the white imp.
The white imp is poisoned.
The white imp is heavily wounded.
You slash the white imp!
You kill the white imp!
Your extra speed is starting to run out.
You hit the orc.
The orc is poisoned.
The orc is heavily wounded.
You feel less wooden.
Your +0 plate armour unmelds from your body.
The orc hits you but does no damage.
You hit the orc.
You kill the orc!
Joseph unwields a +0 spectral quarterstaff.
Joseph wields a +0 sling.
Joseph shoots a sling bullet.
The sling bullet hits you but does no damage.
You swing at nothing.
You swing at nothing.
Joseph shoots a sling bullet.
The sling bullet hits you but does no damage.
Things that are here:
a +0 dagger; a +1 flail of protection; a water moccasin corpse You hit Joseph but do no damage.
Joseph is poisoned.
Joseph unwields a +0 sling.
Joseph wields a +0 spectral quarterstaff.
Joseph hits you with a +0 spectral quarterstaff.
You closely miss Joseph.
Joseph hits you with a +0 spectral quarterstaff!
You hit Joseph.
Joseph is lightly wounded.
You feel yourself slow down.
You hit Joseph.
Joseph looks as sick as possible!
Joseph is lightly wounded.
Joseph hits you with a +0 spectral quarterstaff!
* * * LOW HITPOINT WARNING * * *
You hit Joseph but do no damage.
Joseph looks as sick as possible!
Joseph is lightly wounded.
Joseph hits you with a +0 spectral quarterstaff!
* * * LOW HITPOINT WARNING * * *
Joseph hits you with a +0 spectral quarterstaff.
You die...

. #..(....# # . #.
#......# ##. . #
##.##......### #..
#.#...#........### #.#
#.................###.#
#............#......#.###
#....))).....###.........
#....).#@####..####...###
#....).#@#####..###....##
....5..#.#g.+............
.......#.#o.#..#.#####...
.......#.####......##....
.......#.# #..###.......
..h..5.... ...........<.#
.................. ∆
..................
.....#. .......†.†.


You could see Joseph (extremely poisoned), an orc and a goblin.

Vanquished Creatures
  4 water moccasins
  Duvessa (D:7)
  2 black bears
  2 ice beasts
  A centaur (D:7)
  2 phantoms (D:6)
  2 bullfrogs
  2 scorpions
  Dowan (D:7)
  2 killer bees (D:7)
  2 orc priests
  A jelly (D:7)
  3 hounds
  2 sleepcaps
  4 iguanas
  7 adders
  A shadow imp (D:7)
  3 white imps
  2 ufetubi
  A worm (D:5)
  2 dart slugs
  19 orcs
  4 bats
  5 endoplasms
  5 goblins
  7 hobgoblins
  5 jackals (D:1)
  7 kobolds
  2 quokkas
  8 ball pythons
  2 frilled lizards
  2 giant cockroaches
  5 rats
118 creatures vanquished.

Vanquished Creatures (collateral kills)
  Maggie (D:7)
  A killer bee (D:7)
  An orc wizard (D:7)
  A shadow imp (D:7)
  An orc (D:7)
5 creatures vanquished.

Vanquished Creatures (others)
  A water moccasin (D:7)
  A killer bee (D:7)
2 creatures vanquished.

Grand Total: 125 creatures vanquished

Notes
Turn   | Place    | Note
-------+----------+-------------------------------------------
     0 | D:1      | cforsyth the Gnoll Artificer began the quest for the Orb.
     0 | D:1      | Reached XP level 1. HP: 17/17 MP: 1/1
   157 | D:1      | Reached XP level 2. HP: 23/23 MP: 2/2
   411 | D:1      | Reached XP level 3. HP: 28/28 MP: 3/3
  1076 | D:2      | Reached skill level 1 in Invocations
  1411 | D:3      | Reached skill level 1 in Short Blades
  1411 | D:3      | Reached skill level 1 in Long Blades
  1411 | D:3      | Reached skill level 1 in Axes
  1411 | D:3      | Reached skill level 1 in Maces & Flails
  1411 | D:3      | Reached skill level 1 in Polearms
  1411 | D:3      | Reached skill level 1 in Staves
  1411 | D:3      | Reached skill level 1 in Ranged Weapons
  1411 | D:3      | Reached skill level 1 in Throwing
  1411 | D:3      | Reached skill level 1 in Shields
  1411 | D:3      | Reached skill level 1 in Unarmed Combat
  1411 | D:3      | Reached skill level 1 in Spellcasting
  1552 | D:3      | Reached XP level 4. HP: 34/34 MP: 5/5
  1602 | D:3      | Reached skill level 1 in Shapeshifting
  1742 | D:3      | Found a white marble altar of Elyvilon.
  1843 | D:3      | Found a runed translucent door.
  1844 | D:3      | Noticed Crazy Yiuf
  2251 | D:4      | Reached skill level 1 in Conjurations
  2251 | D:4      | Reached skill level 1 in Hexes
  2251 | D:4      | Reached skill level 1 in Summonings
  2251 | D:4      | Reached skill level 1 in Necromancy
  2251 | D:4      | Reached skill level 1 in Translocations
  2251 | D:4      | Reached skill level 1 in Transmutations
  2251 | D:4      | Reached skill level 1 in Fire Magic
  2251 | D:4      | Reached skill level 1 in Ice Magic
  2251 | D:4      | Reached skill level 1 in Air Magic
  2251 | D:4      | Reached skill level 1 in Earth Magic
  2251 | D:4      | Reached skill level 1 in Poison Magic
  2319 | D:3      | Reached XP level 5. HP: 36/40 MP: 5/7
  2500 | D:4      | Reached XP level 6. HP: 44/47 MP: 8/8
  2557 | D:4      | Reached skill level 5 in Armour
  2749 | D:5      | Entered Level 5 of the Dungeon
  2756 | D:5      | Noticed a water moccasin
  2767 | D:5      | Killed a water moccasin
  2783 | D:5      | Reached XP level 7. HP: 31/52 MP: 10/10
  3097 | D:5      | Reached skill level 7 in Evocations
  3475 | D:5      | Reached XP level 8. HP: 14/60 MP: 12/12
  4136 | D:6      | Found Upuasix's Assorted Antiques.
  4399 | D:6      | Found a radiant altar of Vehumet.
  4771 | D:7      | Found Veuthu's Antique Armour Boutique.
  4786 | D:7      | Noticed Maggie
  4799 | D:7      | Killed Maggie
  4800 | D:7      | Reached XP level 9. HP: 19/67 MP: 13/15
  4817 | D:7      | Found an ancient bone altar of Kikubaaqudgha.
  4949 | D:7      | Noticed Duvessa
  4949 | D:7      | Noticed Dowan
  4951 | D:7      | Killed Dowan
  4952 | D:7      | Reached skill level 5 in Fighting
  4952 | D:7      | Reached skill level 5 in Dodging
  4956 | D:7      | Killed Duvessa
  4957 | D:7      | Reached skill level 5 in Stealth
  4973 | D:7      | Noticed Joseph
  5004 | D:7      | Reached skill level 8 in Evocations
  5029 | D:7      | HP: 2/68 [Joseph/+0 spectral quarterstaff (12)]
  5029 | D:7      | Slain by Joseph

Illustrated notes

Levels and vault maps discovered:
D:1:      dpeg_arrival_central, layout_loops_ring, minmay_hexomino_p4
D:2:      layout_basic
D:3:      layout_loops_ring, elyvilon_altar_1, uniq_crazy_yiuf_cottage
D:4:      layout_rooms, hangedman_decor_opposing
D:5:      kb_forest_paths, layout_basic, serial_rivers,
          chequers_serial_rivers_small_a, chequers_serial_rivers_micro_e,
          chequers_serial_rivers_room_b, chequers_serial_rivers_room_a,
          chequers_serial_rivers_micro_e, chequers_serial_rivers_small_b
D:6:      layout_loops_ring, vehumet_statue, serial_shops,
          nicolae_take_the_stairs
D:7:      layout_rooms, kiku_gazebo_pond_becter, temple_doors_cd, serial_shops,
          nicolae_inconvenience_store, corexii_checkpoint_a, uniq_duvessa,
          uniq_joseph, uniq_maggie

Skill      XL: |  1  2  3  4  5  6  7  8  9 |
---------------+----------------------------+-----
Invocations    | 1 2 3 4 |  4.8
Short Blades   | 1 2 3 4 |  4.4
Long Blades    | 1 2 3 4 |  4.4
Axes           | 1 2 3 4 |  4.4
Maces & Flails | 1 2 3 4 |  4.4
Polearms       | 1 2 3 4 |  4.4
Staves         | 1 2 3 4 |  4.4
Ranged Weapons | 1 2 3 4 |  4.4
Throwing       | 1 2 3 4 |  4.4
Shields        | 1 2 3 4 |  4.4
Unarmed Combat | 1 2 3 4 |  4.4
Spellcasting   | 1 2 3 4 |  4.4
Shapeshifting  | 1 2 3 4 |  4.0
Conjurations   | 1 2 3 |  3.6
Hexes          | 1 2 3 |  3.6
Summonings     | 1 2 3 |  3.6
Necromancy     | 1 2 3 |  3.6
Translocations | 1 2 3 |  3.6
Transmutations | 1 2 3 |  3.6
Fire Magic     | 1 2 3 |  3.6
Ice Magic      | 1 2 3 |  3.6
Air Magic      | 1 2 3 |  3.6
Earth Magic    | 1 2 3 |  3.6
Poison Magic   | 1 2 3 |  3.6
Fighting       | 3 4 5 |  5.2
Dodging        | 3 4 5 |  5.2
Stealth        | 3 4 5 |  5.0
Armour         | 5 6 |  6.4
Evocations     | 7 8 |  8.0

Action                     |  1- 3 |  4- 6 |  7- 9 || total
---------------------------+-------+-------+-------++-------
  Melee: Dagger            |   120 |     8 |       ||   128
         Club              |     5 |       |       ||     5
         Bite              |    13 |     9 |    28 ||    50
         Punch             |     1 |     2 |     9 ||    12
         Whip              |       |    43 |       ||    43
         Falchion          |       |    55 |   283 ||   338
  Evoke: Wand              |       |     7 |    18 ||    25
    Use: Potion            |       |       |     6 ||     6
   Stab: Sleeping          |     3 |     1 |       ||     4
 Armour: Leather armour    |    35 |     2 |       ||    37
         Chain mail        |       |    41 |       ||    41
         Plate armour      |       |    10 |   200 ||   210
         Skin              |       |       |    32 ||    32
  Dodge: Dodged            |    91 |    43 |    68 ||   202

Table legend: (Time is in decaauts)
 A = Elapsed time spent in this place.
 B = Non-inter-level travel time spent in this place.
 C = Inter-level travel time spent in this place.
 D = Time resting spent in this place.
 E = Time spent auto-exploring this place.
 F = Levels seen in this place.
 G = Mean time per level.
                   A        B        C        D        E       F      G
               +--------+--------+--------+--------+--------+-----+--------+
         Total |   5069 |   4883 |    186 |    152 |   3607 |   7 |  724.1 |
       Dungeon |   5069 |   4883 |    186 |    152 |   3607 |   7 |  724.1 |
               +--------+--------+--------+--------+--------+-----+--------+

Top non-repeatable levels by time:
     D:5: 1383 daAuts
     D:3: 886 daAuts
     D:1: 790 daAuts
     D:6: 647 daAuts
     D:2: 555 daAuts
     D:4: 524 daAuts
     D:7: 283 daAuts
